 Seeded DCSS version 0.27.1-34-g3ba077fa99 (webtiles) character file.

Game seed: 74894893043 (custom seed)

30 lonewolfV2 the Ducker (level 3, -3/36 HPs)
             Began as a Troll Fighter on Jan 6, 2022.
             Slain by an orc (4 damage)
             ... on level 4 of the Dungeon.
             The game lasted 00:01:47 (779 turns).

lonewolfV2 the Ducker (Troll Fighter)                Turns: 779, Time: 00:01:48

Health: -3/36      AC: 11    Str: 24    XL:     3   Next: 3%
Magic:  2/2        EV:  8    Int:  4    God:
Gold:   37         SH:  8    Dex: 10    Spells: 2/2 levels left

rFire    . . .     SeeInvis .     - Unarmed
rCold    . . .     Faith    .   b - +0 kite shield
rNeg     . . .     Spirit   .   a - +0 robe
rPois    +         Reflect  .   (helmet restricted)
rElec    .         Harm     .   h - +2 cloak
rCorr    .         Rampage  .   (gloves unavailable)
Will     .....                  (boots unavailable)
Stlth    +.........             (no amulet)
HPRegen  1.12/turn              d - ring of poison resistance
MPRegen  0.08/turn              f - +4 ring of protection

@: mighty, lethally poisoned (-3 -> -3)
A: large, unfitting armour, claws 3, regeneration 1, shaggy fur 1, tough skin 1
a: no special abilities


You were on level 4 of the Dungeon.
You visited 1 branch of the dungeon, and saw 3 of its levels.

You collected 37 gold pieces.

Inventory:

Armour
 a - a +0 robe (worn)
 b - a +0 kite shield (worn)
 h - a +2 cloak (worn)
Jewellery
 d - a ring of poison resistance (left claw)
 f - a +4 ring of protection (right claw)
Wands
 i - a wand of iceblast (13)
Potions
 e - a potion of haste {unknown}
 g - a potion of curing {unknown}


   Skills:
 + Level 2.6 Fighting
 + Level 2.9 Dodging
 + Level 2.6 Shields
 + Level 2.3 Unarmed Combat


You had 2 spell levels left.
You didn't know any spells.
Your spell library contained the following spells:

 Spells                   Type           Power      Damage    Failure   Level
 Beastly Appendage        Tmut           0%         N/A       92%         1
 Wereblood                Tmut           0%         N/A       98%         2
 Spider Form              Tmut/Pois      0%         N/A       100%        3


Dungeon Overview and Level Annotations

Branches:
Dungeon (2/15)

Altars:


Innate Abilities, Weirdness & Mutations

You are too large for most types of armour.
You have claws for hands.
Your natural rate of healing is unusually fast.
You are covered in fur. (AC +1)
You have tough skin. (AC +1)


Message History

You block the orc's attack. The adder completely misses you.
The orc closely misses you. x2; The gnoll hits you but does no damage.
The gnoll hits you with a +0 whip.
You barely miss the gnoll.
The gnoll is heavily wounded.
The adder bites you but does no damage. You block the orc's attack.
The gnoll hits you but does no damage. The adder bites you.
You are poisoned.
The adder poisons you! The orc hits you but does no damage.
The gnoll closely misses you. You block the gnoll's attack.
A gnoll comes into view. It is wielding a +0 halberd.
The gnoll shouts!
You claw the gnoll!
You kill the gnoll!
You feel sick.
You hear a shout!
The gnoll hits you with a +0 flail. You block the adder's attack.
You block the orc's attack.
The gnoll hits you from afar with a +0 halberd.
The orc hits you but does no damage. The gnoll hits you with a +0 flail.
The orc hits you but does no damage. The adder bites you but does no damage.
You have reached level 3!
Your experience leads to an increase in your attributes!
Increase (S)trength, (I)ntelligence, or (D)exterity?
You feel agile.
You feel stronger.
You scratch the gnoll.
The gnoll is moderately wounded.
You feel sick. You block the orc's attack. The gnoll misses you.
The orc hits you but does no damage. The adder closely misses you.
The orc hits you with a +0 hand axe.
* * * LOW HITPOINT WARNING * * *
The gnoll barely misses you.
You feel very mighty all of a sudden.
You feel sick. You block the orc's attack.
The gnoll hits you from afar with a +0 halberd!
* * * LOW HITPOINT WARNING * * *
The orc misses you.
A goblin comes into view. It is wielding a +0 dagger.
You block the gnoll's attack. The orc hits you with a +0 hand axe.
You die...

... .....g ........<.
.......
.....................
.............#.g.....
##...................
###..........##........
............#Sg#g.....
#...........S@oo#.#..
#............o.......
##....................
#..........###........
...##...)..#####.......
...................[...
#####.#.###............
#...##..####....?..
######..###.####........


You could see 3 gnolls, an adder, 3 orcs, a goblin and a ball python.

Vanquished Creatures
  A gnoll (D:4)
  A dart slug (D:4)
  An orc (D:4)
  3 bats (D:1)
  3 endoplasms (D:1)
  A goblin (D:1)
  A hobgoblin (D:1)
  A ball python (D:1)
  2 kobolds (D:1)
  3 rats (D:1)
17 creatures vanquished.

Notes
Turn   | Place    | Note
-------+----------+-------------------------------------------
     0 | D:1      | lonewolfV2 the Troll Fighter began the quest for the Orb.
     0 | D:1      | Reached XP level 1. HP: 22/22 MP: 0/0
   221 | D:1      | Found a faded altar of an unknown god.
   227 | D:1      | Reached XP level 2. HP: 29/29 MP: 1/1
   689 | D:2      | You fall into a shaft and drop 2 floors!
   778 | D:4      | Reached XP level 3. HP: 16/36 MP: 2/2
   779 | D:4      | HP: 1/36 [gnoll (8)]
   779 | D:4      | Slain by an orc

Illustrated notes

Levels and vault maps discovered:
D:1:      nagdon_arrival_zigzag_paths, layout_basic,
          shapermc_ecumenical_altar_venn
D:2:      layout_rooms, grunt_decor_resistance
D:4:      layout_rooms, minmay_misc_feat_diagonals, corexii_checkpoint_b,
          uniq_robin

Action                   || total
-------------------------++-------
Melee: Unarmed           ||    46
  Use: Potion            ||     1
Armor: Robe              ||    34
Dodge: Dodged            ||    30
Block: Kite shield       ||    25
